[Event "Titled Tuesday Blitz May 03 Early 2022"]
[White "Donchenko, Alexander"]
[Black "Preotu, Razvan"]
[WhiteFideId "24603295"]
[BlackFideId "2613280"]
[WhiteElo "2539"]
[BlackElo "2407"]
[Result "1-0"]
[Round "09"]
[TimeControl "180+1"]
[Date "2022.05.03"]
[WhiteClock "0:00:35"]
[BlackClock "0:00:01"]

1. d4 Nf6 2. Nf3 g6 3. Nbd2 d5 4. Nb3 Bg7 5. Bf4 O-O 6. e3 b6 7. Bd3 Bb7 8. O-O Nbd7 9. Qe2 c5 10. Ba6 Bxa6 11. Qxa6 Nh5 12. Bg5 h6 13. Bh4 g5 14. Bg3 Nxg3 15. hxg3 Qc8 16. Qe2 cxd4 17. exd4 e6 18. c3 Qc6 19. Nc1 Rfc8 20. Nd3 Qc4 21. a4 a5 22. Rfe1 b5 23. axb5 Qxb5 24. Ra2 a4 25. Rea1 Nb6 26. Qd1 Bf8 27. Nfe5 f6 28. Ng4 Nd7 29. Qe2 Rc6 30. Re1 Raa6 31. Raa1 Kg7 32. Ne3 a3 33. Reb1 axb2 34. Rxa6 Rxa6 35. Rxb2 Ra1+ 36. Kh2 Qa6 37. Ng4 h5 38. Ne3 g4 39. Nf4 Qxe2 40. Rxe2 Kf7 41. Nxh5 Ra3 42. Rc2 f5 43. Nf4 Bd6 44. Nd3 Nb6 45. f3 gxf3 46. gxf3 Nc4 47. Nxc4 dxc4 48. Nf2 e5 49. dxe5 Bxe5 50. Nd1 f4 51. g4 Ra1 52. Rd2 Rc1 53. Kg2 Bxc3 54. Nxc3 Rxc3 55. Rd4 Rc2+ 56. Kh3 Ke6 57. Rxf4 Kd5 58. g5 c3 59. g6 Rc1 60. g7 Rg1 61. Rg4 Rxg4 62. Kxg4 1-0


[Site "https://www.chess.com"]

[Event "Titled Tuesday Blitz May 03 Early 2022"]
[White "Dubov, Daniil"]
[Black "Wong, Yinn Long"]
[WhiteFideId "24126055"]
[BlackFideId "5707684"]
[WhiteElo "2791"]
[BlackElo "2055"]
[Result "1-0"]
[Round "09"]
[TimeControl "180+1"]
[Date "2022.05.03"]
[WhiteClock "0:00:11"]
[BlackClock "0:00:02"]

1. d4 Nf6 2. Nf3 e6 3. c4 b6 4. g3 Bb7 5. Bg2 g6 6. Nc3 Ne4 7. d5 Nxc3 8. Qd4 f6 9. Qxc3 Qe7 10. O-O Bg7 11. Nd4 c6 12. dxe6 dxe6 13. c5 f5 14. Qc4 e5 15. Nb3 b5 16. Qc2 a5 17. Bd2 Qc7 18. a4 e4 19. axb5 cxb5 20. Bxa5 Qe7 21. Bc3 O-O 22. Bxg7 Kxg7 23. Nd4 Nc6 24. Nxb5 Ne5 25. Qc3 Rac8 26. Nd6 Rc7 27. Ra7 Rf6 28. Rxb7 Rxb7 29. Nxb7 f4 30. Bxe4 fxg3 31. hxg3 h5 32. Nd6 h4 33. Bg2 g5 34. f4 gxf4 35. gxf4 1-0


[Site "https://www.chess.com"]

[Event "Titled Tuesday Blitz May 03 Early 2022"]
[White "Erdogdu, Mert"]
[Black "Jobava, Baadur"]
[WhiteFideId "6301495"]
[BlackFideId "13601520"]
[WhiteElo "2485"]
[BlackElo "2617"]
[Result "1-0"]
[Round "09"]
[TimeControl "180+1"]
[Date "2022.05.03"]
[WhiteClock "0:00:04"]
[BlackClock "0:00:03"]

1. e4 e6 2. d4 d5 3. exd5 exd5 4. c4 Nf6 5. Nc3 Bd6 6. Bd3 dxc4 7. Bxc4 O-O 8. Nge2 Nc6 9. O-O h6 10. a3 Bf5 11. h3 Qd7 12. Be3 Rfe8 13. Qd2 Rad8 14. Rad1 a6 15. Bf4 Re7 16. Ng3 Bg6 17. Bxh6 Bxg3 18. fxg3 Qxd4+ 19. Qxd4 Rxd4 20. Rxd4 Nxd4 21. Bg5 b5 22. Ba2 c5 23. Bxf6 gxf6 24. Rxf6 b4 25. Rxg6+ Kh7 26. Rxa6 bxc3 27. bxc3 Ne2+ 28. Kf2 Nxc3 29. Bc4 Kg7 30. a4 Re4 31. Bb5 Rb4 32. Be8 Rb8 33. Bc6 c4 34. Ra7 Rb2+ 35. Ke3 Nd1+ 36. Kd4 c3 37. Be4 Rd2+ 38. Ke5 Nf2 39. Bf5 Nd1 40. Rc7 Rxg2 41. g4 Ra2 42. Rc4 Re2+ 43. Kf4 Rf2+ 44. Kg3 Ra2 45. h4 Ra3 46. Kf4 Nb2 47. Rc7 Rxa4+ 48. Ke3 Nc4+ 49. Kd3 Ne5+ 50. Kxc3 Nxg4 51. Be6 Ne5 52. Bb3 Rxh4 53. Bxf7 Nxf7 54. Kd3 Kf6 55. Rc6+ Kf5 56. Ra6 Ne5+ 57. Kc3 Rh3+ 58. Kb4 Ke4 59. Re6 Kd5 60. Rf6 Nc6+ 61. Kb5 Rb3+ 62. Ka6 Rb1 63. Rh6 Nb8+ 64. Ka7 Kc5 65. Rh5+ Kd6 66. Rh6+ Kc7 67. Rh7+ Nd7 68. Ka6 Rb2 69. Ka5 Kd6 70. Ka4 Nc5+ 71. Ka3 Rb8 72. Rh5 Kc6 73. Ka2 1-0


[Site "https://www.chess.com"]

[Event "Titled Tuesday Blitz May 03 Early 2022"]
[White "Estrada Nieto, Julian"]
[Black "Sailer, Mike"]
[WhiteFideId "5101018"]
[BlackFideId "2012901"]
[WhiteElo "2252"]
[BlackElo "2109"]
[Result "1-0"]
[Round "09"]
[TimeControl "180+1"]
[Date "2022.05.03"]
[WhiteClock "0:01:24"]
[BlackClock "0:00:02"]

1. e4 d5 2. exd5 Qxd5 3. Nc3 Qd6 4. g3 Nf6 5. Bg2 c6 6. h3 Bf5 7. Nge2 e6 8. O-O Be7 9. d3 h6 10. Rb1 a5 11. a3 O-O 12. b4 axb4 13. axb4 Qc7 14. b5 Nbd7 15. bxc6 bxc6 16. Nd4 Nd5 17. Nxd5 cxd5 18. Nxf5 exf5 19. Bxd5 Rac8 20. Bf4 Qxc2 21. Qxc2 Rxc2 22. Rb7 Nf6 23. Bb3 Re2 24. Kg2 Bc5 25. Kf3 Re7 26. Rxe7 Bxe7 27. Rc1 Rd8 28. Ke2 Nd5 29. Bxd5 Rxd5 30. Rc8+ Kh7 31. Rc7 Bd6 32. Bxd6 Rxd6 33. Rxf7 Kg6 34. Re7 Kf6 35. Re8 g5 36. Ke3 Ra6 37. Rh8 Kg7 38. Rc8 Kf6 39. f4 Re6+ 40. Kf3 Rd6 41. Rc3 Kg6 42. Ke3 Kf6 43. d4 gxf4+ 44. gxf4 Ra6 45. d5 1-0


[Site "https://www.chess.com"]

[Event "Titled Tuesday Blitz May 03 Early 2022"]
[White "Gatterer, Florian"]
[Black "Sanchez, Robert"]
[WhiteFideId "811688"]
[BlackFideId "2034360"]
[WhiteElo "2218"]
[BlackElo "2442"]
[Result "1/2-1/2"]
[Round "09"]
[TimeControl "180+1"]
[Date "2022.05.03"]
[WhiteClock "0:00:18"]
[BlackClock "0:00:58"]

1. c4 c6 2. Nf3 Nf6 3. e3 d5 4. Nc3 g6 5. d4 Bg7 6. Be2 Bg4 7. O-O O-O 8. Ne5 Bxe2 9. Qxe2 e6 10. b3 Nbd7 11. Nxd7 Qxd7 12. Ba3 Rfe8 13. cxd5 exd5 14. Qd1 h5 15. b4 h4 16. h3 Ne4 17. Nxe4 Rxe4 18. Rb1 Rae8 19. Bc1 g5 20. f3 R4e7 21. Qd3 Qe6 22. Rb3 f5 23. Kh1 g4 24. fxg4 fxg4 25. Qf5 Qxf5 26. Rxf5 g3 27. Rf4 Rf7 28. Rxf7 Kxf7 29. b5 Bxd4 30. bxc6 bxc6 31. Kg1 Bb6 32. Kf1 Kg6 33. Ke2 Rf8 34. Rb4 Rf2+ 35. Kd3 Kh5 36. Rf4 Rxg2 37. e4 dxe4+ 38. Kxe4 Rxa2 39. Rf6 Ra4+ 40. Kd3 1/2-1/2


[Site "https://www.chess.com"]

[Event "Titled Tuesday Blitz May 03 Early 2022"]
[White "Gharibyan, Mamikon"]
[Black "Ratnakaran, K."]
[WhiteFideId "13308300"]
[BlackFideId "5005507"]
[WhiteElo "2254"]
[BlackElo "2407"]
[Result "1-0"]
[Round "09"]
[TimeControl "180+1"]
[Date "2022.05.03"]
[WhiteClock "0:00:26"]
[BlackClock "0:01:31"]

1. c4 e5 2. g3 Nc6 3. Bg2 h5 4. h4 Bc5 5. Nc3 Nf6 6. e3 d6 7. a3 Bb6 8. Nge2 Be6 9. Nd5 Bxd5 10. cxd5 Ne7 11. Nc3 Qd7 12. d3 c6 13. dxc6 bxc6 14. Bd2 d5 15. Na4 Ng4 16. Rc1 O-O 17. Nc5 Qf5 18. Qe2 Rab8 19. Na6 Rb7 20. b4 e4 21. dxe4 dxe4 22. Rc4 Nf6 23. Bc3 Ned5 24. Bxf6 Nxf6 25. Rxc6 Rd7 26. O-O Rfd8 27. Rc2 Rd3 28. a4 R8d6 29. Nc5 Bxc5 30. bxc5 Rc6 31. Rfc1 Qd5 32. Bh3 g6 33. Kg2 a5 34. Kg1 Qb3 35. Rc4 Qb8 36. Bg2 Qe5 37. Rxe4 Nxe4 38. Qxd3 Nxf2 39. Kxf2 Rxc5 40. Qd8+ Kh7 41. Rxc5 Qxc5 42. Qd4 Qc2+ 43. Kg1 Qe2 44. Kh2 Qf2 45. Qe5 f6 46. Qxa5 g5 47. hxg5 h4 48. Qc7+ Kg6 49. Qf4 hxg3+ 50. Qxg3 Qa2 51. gxf6+ Kxf6 52. Qf4+ Ke6 53. Kg3 Qd2 54. Bh3+ Ke7 55. Qe5+ Kf7 56. Be6+ Ke7 57. Bd5+ Kf8 58. Qf6+ Ke8 59. Bc6+ 1-0


[Site "https://www.chess.com"]

[Event "Titled Tuesday Blitz May 03 Early 2022"]
[White "Gottstein, Claudius-Thomas"]
[Black "Johnson, Ben"]
[WhiteFideId "4653327"]
[BlackFideId "2010917"]
[WhiteElo "2109"]
[BlackElo "2197"]
[Result "0-1"]
[Round "09"]
[TimeControl "180+1"]
[Date "2022.05.03"]
[WhiteClock "0:00:36"]
[BlackClock "0:00:32"]

1. e4 c5 2. Nf3 Nc6 3. Bb5 g6 4. Bxc6 bxc6 5. O-O Bg7 6. d4 cxd4 7. Nxd4 c5 8. Nb3 d6 9. c3 Bb7 10. N1d2 Nf6 11. f3 O-O 12. Kh1 a5 13. a4 Bc6 14. Nc4 Nd7 15. Ne3 Nb6 16. Nd5 Nxa4 17. Nd2 Nb6 18. Nxb6 Qxb6 19. Nc4 Qb5 20. Na3 Qb7 21. Nc4 a4 22. Re1 Qb3 23. Qe2 Rfb8 24. Ra3 Qb5 25. Ne3 Qxe2 26. Rxe2 Rb3 27. Ra1 a3 28. bxa3 Bxc3 29. Raa2 Rb1 30. Rec2 Bd4 31. Nc4 Ba4 32. Rab2 Bxc2 33. Rxc2 e6 34. g4 d5 35. exd5 exd5 36. Nb6 Rxb6 0-1


[Site "https://www.chess.com"]

[Event "Titled Tuesday Blitz May 03 Early 2022"]
[White "Harish, Neeraj"]
[Black "Khokhlova, Daria"]
[WhiteFideId "30958130"]
[BlackFideId "24182729"]
[WhiteElo "1574"]
[BlackElo "2034"]
[Result "0-1"]
[Round "09"]
[TimeControl "180+1"]
[Date "2022.05.03"]
[WhiteClock "0:00:13"]
[BlackClock "0:00:33"]

1. e4 c5 2. Nf3 d6 3. d4 cxd4 4. Nxd4 Nf6 5. Nc3 a6 6. Be3 e5 7. Nb3 Be6 8. Qd2 Be7 9. f3 h5 10. Nd5 Nxd5 11. exd5 Bf5 12. Be2 Nd7 13. O-O Rc8 14. c4 O-O 15. Na5 Qc7 16. b4 Rfd8 17. Rac1 Nf6 18. Bd3 Bd7 19. Be4 b6 20. Nb3 Qb7 21. c5 Nxe4 22. fxe4 bxc5 23. bxc5 dxc5 24. Nxc5 Bxc5 25. Bxc5 Qb5 26. Be3 Qa4 27. Qf2 Be8 28. Qf5 Rxc1 29. Rxc1 Qa3 30. Qxh5 Qxe3+ 0-1


[Site "https://www.chess.com"]

[Event "Titled Tuesday Blitz May 03 Early 2022"]
[White "Horcajuelo Rocamora, Martin"]
[Black "Hart, Braeden"]
[WhiteFideId "24573027"]
[BlackFideId "30962587"]
[WhiteElo "1822"]
[BlackElo "2516"]
[Result "0-1"]
[Round "09"]
[TimeControl "180+1"]
[Date "2022.05.03"]
[WhiteClock "0:02:25"]
[BlackClock "0:02:41"]

1. e4 e5 2. Nf3 d5 3. Nxe5 Bd6 4. Nf3 dxe4 5. Nd4 Nf6 6. Nb3 O-O 7. Nc3 Nc6 8. Be2 Ne5 9. h3 Bf5 10. O-O Qd7 11. d3 Bxh3 12. gxh3 Qxh3 13. Nxe4 Nf3+ 14. Bxf3 Qh2# 0-1


[Site "https://www.chess.com"]

[Event "Titled Tuesday Blitz May 03 Early 2022"]
[White "Itkis, Boris"]
[Black "Samarth, J Rao"]
[WhiteFideId "1209167"]
[BlackFideId "46652370"]
[WhiteElo "2207"]
[BlackElo "1514"]
[Result "0-1"]
[Round "09"]
[TimeControl "180+1"]
[Date "2022.05.03"]
[WhiteClock "0:00:15"]
[BlackClock "0:00:05"]

1. Nf3 Nf6 2. b3 g6 3. Bb2 Bg7 4. e3 O-O 5. d4 d5 6. Nbd2 c5 7. Bd3 Nc6 8. O-O Bg4 9. h3 Bxf3 10. Nxf3 Ne4 11. Rb1 f5 12. dxc5 Bxb2 13. Rxb2 Nxc5 14. c4 Kg7 15. Rd2 e5 16. cxd5 Nb4 17. Bc4 Qd6 18. Qa1 Rae8 19. a3 Nba6 20. Ng5 h6 21. Nf3 b5 22. Bxb5 Nxb3 23. Qa2 Nxd2 24. Nxd2 Rd8 25. Rd1 Nc7 26. Nc4 Qc5 27. Qb2 Nxb5 28. Qxe5+ Kh7 29. Na5 Rfe8 30. Qg3 Nc3 31. Rf1 Ne2+ 0-1


[Site "https://www.chess.com"]

[Event "Titled Tuesday Blitz May 03 Early 2022"]
[White "Jakubiec, Artur"]
[Black "Jian, Alex"]
[WhiteFideId "1103261"]
[BlackFideId "30901022"]
[WhiteElo "2473"]
[BlackElo "2111"]
[Result "0-1"]
[Round "09"]
[TimeControl "180+1"]
[Date "2022.05.03"]
[WhiteClock "0:00:51"]
[BlackClock "0:00:17"]

1. e4 c5 2. Nf3 Nc6 3. Bb5 g6 4. O-O Bg7 5. c3 Nf6 6. Re1 O-O 7. h3 e5 8. d3 d6 9. a4 h6 10. Na3 Be6 11. Bd2 Ne8 12. Bc4 d5 13. exd5 Bxd5 14. Be3 b6 15. Nd2 Nc7 16. Qc2 Qd7 17. Rad1 Rad8 18. Nb5 Nxb5 19. axb5 Ne7 20. Bxd5 Nxd5 21. Nc4 Qxb5 22. Bc1 Rfe8 23. Qe2 Qc6 24. h4 b5 25. Na3 h5 26. Nc2 Nf4 27. Bxf4 exf4 28. Qd2 f3 29. g3 Rxe1+ 30. Nxe1 Re8 31. Qf4 Re2 32. Rb1 b4 33. cxb4 Bd4 34. Nxf3 Rxf2 35. Nxd4 Qg2# 0-1


[Site "https://www.chess.com"]

[Event "Titled Tuesday Blitz May 03 Early 2022"]
[White "Jaskolka, Tomasz"]
[Black "Liyanage, Ranindu Dilshan"]
[WhiteFideId "1170791"]
[BlackFideId "9915834"]
[WhiteElo "2073"]
[BlackElo "1858"]
[Result "1-0"]
[Round "09"]
[TimeControl "180+1"]
[Date "2022.05.03"]
[WhiteClock "0:00:02"]
[BlackClock "0:00:12"]

1. d4 Nf6 2. Bf4 c5 3. e3 d5 4. c3 Nc6 5. Nd2 Bf5 6. Ngf3 e6 7. Qa4 Be7 8. Bb5 O-O 9. Bxc6 bxc6 10. Qxc6 c4 11. h3 h6 12. O-O Nd7 13. Ne5 Nb6 14. e4 Bh7 15. exd5 exd5 16. Qb7 Bg5 17. Nc6 Qf6 18. Be5 Qg6 19. f4 Bd8 20. Bc7 Rc8 21. Nxd8 Qf6 22. Nf3 Qe7 23. Bxb6 Qe3+ 24. Kh1 axb6 25. Qxc8 Qxf4 26. Ne5 Qg3 27. Rxf7 Re8 28. Qd7 Be4 29. Qxe8+ Kh7 30. Rf3 Qg5 31. Ndf7 1-0


[Site "https://www.chess.com"]

[Event "Titled Tuesday Blitz May 03 Early 2022"]
[White "Jumabayev, Rinat"]
[Black "Korchmar, Vasiliy"]
[WhiteFideId "13702661"]
[BlackFideId "24131750"]
[WhiteElo "2561"]
[BlackElo "2370"]
[Result "1-0"]
[Round "09"]
[TimeControl "180+1"]
[Date "2022.05.03"]
[WhiteClock "0:01:16"]
[BlackClock "0:00:01"]

1. e4 c5 2. Nf3 d6 3. d4 cxd4 4. Nxd4 Nf6 5. Nc3 Nc6 6. Bg5 Bd7 7. Qd2 a6 8. O-O-O e6 9. f4 h6 10. Bxf6 Qxf6 11. Nf3 g5 12. g3 O-O-O 13. Na4 gxf4 14. gxf4 Kc7 15. Qe3 h5 16. h4 Bh6 17. Ng5 e5 18. f5 Nd4 19. Nc3 Bc6 20. Bc4 Kb8 21. Kb1 Rc8 22. Bd5 Bd7 23. Rhg1 Rc7 24. Bb3 Bc6 25. Qd3 Rhc8 26. Rg3 b5 27. a3 Bb7 28. Ka2 Ka8 29. Nd5 Bxd5 30. Bxd5+ Ka7 31. c3 Nc6 32. Qe3+ Kb7 33. Qg1 a5 34. Nxf7 Rxf7 35. Rg6 Qxh4 36. Bxf7 1-0


[Site "https://www.chess.com"]

[Event "Titled Tuesday Blitz May 03 Early 2022"]
[White "Kamsky, Gata"]
[Black "Fiorito, Fabian"]
[WhiteFideId "2000024"]
[BlackFideId "100200"]
[WhiteElo "2645"]
[BlackElo "2395"]
[Result "1-0"]
[Round "09"]
[TimeControl "180+1"]
[Date "2022.05.03"]
[WhiteClock "0:00:05"]
[BlackClock "0:00:05"]

1. d4 d5 2. Bf4 Nf6 3. e3 c5 4. c3 Nc6 5. Nd2 Bf5 6. Ngf3 Qb6 7. dxc5 Qxb2 8. Nd4 Bg6 9. Bb5 Rc8 10. O-O e6 11. Qa4 Bxc5 12. Nxc6 bxc6 13. Bxc6+ Kf8 14. Nb3 Bb6 15. c4 Kg8 16. c5 Bd8 17. Bb7 Rc7 18. Bxc7 Bxc7 19. Qc6 Qe5 20. f4 Qxe3+ 21. Kh1 Ne4 22. Qxc7 h6 23. Qe5 Nf2+ 24. Rxf2 Qxf2 25. Qd4 Qc2 26. Nd2 Kh7 27. c6 f6 28. Nf3 Be4 29. a4 Qe2 30. Re1 Qc2 31. a5 Rf8 32. a6 e5 33. Qd2 Qc5 34. Rc1 Qd6 35. c7 Bf5 36. c8=Q Bxc8 37. Bxc8 e4 38. Bf5+ g6 39. Bxe4 Rd8 40. Bd3 h5 41. f5 g5 42. Nxg5+ Kh6 43. Ne6+ 1-0


[Site "https://www.chess.com"]

[Event "Titled Tuesday Blitz May 03 Early 2022"]
[White "Kanyamarala, Trisha"]
[Black "Turutin, Alexander"]
[WhiteFideId "45004722"]
[BlackFideId "4180623"]
[WhiteElo "2079"]
[BlackElo "2402"]
[Result "0-1"]
[Round "09"]
[TimeControl "180+1"]
[Date "2022.05.03"]
[WhiteClock "0:00:04"]
[BlackClock "0:00:05"]

1. c4 Nf6 2. Nc3 g6 3. e4 d6 4. g3 Bg7 5. Bg2 O-O 6. Nge2 c6 7. O-O a6 8. d4 Qc7 9. h3 b5 10. cxb5 axb5 11. Be3 e5 12. Rc1 Qe7 13. a3 Bb7 14. dxe5 dxe5 15. b4 Nbd7 16. Qb3 Rfc8 17. Rfd1 Nf8 18. a4 Ne6 19. axb5 cxb5 20. Nxb5 Rxc1 21. Rxc1 Rb8 22. Nec3 Bc6 23. Na7 Ba8 24. b5 Nd4 25. Qa4 Nd7 26. Nc6 Bxc6 27. bxc6 Nc5 28. Qc4 Ncb3 29. Rb1 Rc8 30. Rxb3 Nxb3 31. Qxb3 Rxc6 32. Nd5 Qd6 33. Qb7 Bf8 34. Bg5 h6 35. Be7 Qe6 36. Qa8 Rc8 37. Qa3 Kg7 38. Bxf8+ Rxf8 39. Kh2 h5 40. h4 f5 41. Bh3 Qf7 42. Ne3 fxe4 43. Nd1 Qd5 44. Qa1 Rf7 45. Kg1 Rf6 46. Bg2 Rd6 47. Ne3 Qf7 48. Kh2 Re6 49. Qb2 Kh7 50. Bxe4 Rf6 51. Bd5 Rxf2+ 52. Ng2 Qf6 53. Qb3 Rd2 54. Qb7+ Qg7 55. Qc6 g5 56. Be4+ Kh8 57. Kh3 g4+ 58. Kh2 Qe7 59. Qa8+ Kg7 60. Qb7 Qxb7 61. Bxb7 Kf6 62. Kg1 Kf5 63. Ne3+ Ke6 64. Nc4 Rc2 65. Ne3 Rb2 66. Nf1 Rxb7 67. Ne3 Rb3 0-1


[Site "https://www.chess.com"]

[Event "Titled Tuesday Blitz May 03 Early 2022"]
[White "Karavade, Eesha"]
[Black "Bashirli, Saadat"]
[WhiteFideId "5012600"]
[BlackFideId "13429990"]
[WhiteElo "2258"]
[BlackElo "1173"]
[Result "1-0"]
[Round "09"]
[TimeControl "180+1"]
[Date "2022.05.03"]
[WhiteClock "0:01:31"]
[BlackClock "0:01:06"]

1. d4 d5 2. c4 e6 3. Nc3 c6 4. Nf3 dxc4 5. e3 b5 6. a4 Bb4 7. Nd2 Bxc3 8. bxc3 Nf6 9. Ba3 a6 10. Be2 Bb7 11. O-O Nbd7 12. Bf3 Qc7 13. Qc2 Rb8 14. Rfb1 Ba8 15. e4 c5 16. axb5 axb5 17. e5 Bxf3 18. Nxf3 Nd5 19. dxc5 Nxc5 20. Nd4 Qb6 21. Rxb5 Qc7 22. Rxb8+ Qxb8 23. Bxc5 Qxe5 24. Nf3 Qb8 25. Qa4+ Kd8 26. Qc6 Nc7 27. Rd1+ Kc8 28. Qd7+ Kb7 29. Rb1+ Ka6 30. Qa4# 1-0


[Site "https://www.chess.com"]

[Event "Titled Tuesday Blitz May 03 Early 2022"]
[White "Kazakouski, Valery"]
[Black "Hovhannisyan, Robert"]
[WhiteFideId "13507443"]
[BlackFideId "13302507"]
[WhiteElo "2524"]
[BlackElo "2570"]
[Result "0-1"]
[Round "09"]
[TimeControl "180+1"]
[Date "2022.05.03"]
[WhiteClock "0:00:11"]
[BlackClock "0:00:22"]

1. d4 d5 2. c4 c6 3. cxd5 cxd5 4. Nc3 Nf6 5. Bg5 Ne4 6. Nxe4 dxe4 7. Rc1 Be6 8. Qa4+ Nc6 9. e3 Bd5 10. Bc4 f6 11. Bh4 e6 12. Ne2 Bb4+ 13. Kf1 Qa5 14. Qxa5 Bxa5 15. Bg3 Bxc4 16. Rxc4 Kd7 17. Nf4 Rhc8 18. a3 Ne7 19. b3 b5 20. Rc5 Bb6 21. Rxc8 Rxc8 22. Ke2 Rc2+ 23. Kd1 Ra2 24. Re1 Rxa3 25. Kc2 Bc7 26. Kb2 Ra6 27. Nh5 Bxg3 28. hxg3 Nd5 29. Nxg7 Nb4 30. Re2 Ra2+ 0-1


[Site "https://www.chess.com"]

[Event "Titled Tuesday Blitz May 03 Early 2022"]
[White "Keller, Peter"]
[Black "Martin Carmona, Gaston Manuel"]
[WhiteFideId "1272105"]
[BlackFideId "22284567"]
[WhiteElo "2275"]
[BlackElo "2146"]
[Result "0-1"]
[Round "09"]
[TimeControl "180+1"]
[Date "2022.05.03"]
[WhiteClock "0:00:07"]
[BlackClock "0:01:04"]

1. e4 c5 2. c3 Nf6 3. e5 Nd5 4. Nf3 d6 5. d4 cxd4 6. cxd4 Nc6 7. Bc4 Nb6 8. Bb5 dxe5 9. Nxe5 Bd7 10. Nxd7 Qxd7 11. Nc3 e6 12. O-O Be7 13. Qg4 O-O 14. Bxc6 bxc6 15. Bh6 Bf6 16. Rfd1 Kh8 17. Ne4 Bxd4 18. Bxg7+ Bxg7 19. Rxd7 Nxd7 20. Ng5 h6 21. Nf3 Bxb2 22. Rd1 Rad8 23. Qb4 Bg7 24. Qa5 Nb6 25. Rxd8 Rxd8 26. g3 Rd7 27. Kg2 Bf6 28. h4 Kg7 29. Qc5 Rc7 30. Qb4 Nd5 31. Qc4 c5 32. Nd2 Be7 0-1


[Site "https://www.chess.com"]

[Event "Titled Tuesday Blitz May 03 Early 2022"]
[White "Khabinets, Ivan"]
[Black "Silvestre, Christian"]
[WhiteFideId "14115980"]
[BlackFideId "30956269"]
[WhiteElo "2114"]
[BlackElo "2356"]
[Result "1/2-1/2"]
[Round "09"]
[TimeControl "180+1"]
[Date "2022.05.03"]
[WhiteClock "0:01:10"]
[BlackClock "0:00:01"]

1. d4 Nf6 2. c4 d6 3. Nc3 g6 4. e4 Bg7 5. Nf3 O-O 6. Be2 e5 7. O-O Nc6 8. d5 Ne7 9. Ne1 Nd7 10. f3 f5 11. Nd3 Nf6 12. Be3 f4 13. Bf2 g5 14. c5 Rf7 15. Rc1 h5 16. cxd6 cxd6 17. Nb5 Ng6 18. Nxa7 Bd7 19. Qb3 g4 20. Nb5 g3 21. hxg3 fxg3 22. Bxg3 Qb6+ 23. Nf2 h4 24. Bh2 Bh6 25. Rc2 Be3 26. Nc7 Qxb3 27. axb3 Rc8 28. Bd3 h3 29. Ne6 Rxc2 30. Bxc2 hxg2 31. Kxg2 Nh4+ 32. Kg3 Ng6 33. Nh3 Nh5+ 34. Kg2 Nh4+ 35. Kh1 Rxf3 36. Rxf3 Nxf3 37. Bd1 Nxh2 38. Bg4 Nxg4 39. Kg2 Ngf6 40. Kf3 Bd4 41. Nhg5 Bxe6 42. Nxe6 Bxb2 43. Nd8 Bd4 44. Nxb7 Ne8 45. Kg4 Nhf6+ 46. Kf5 Kf7 47. Nd8+ Ke7 48. Nc6+ Kf8 49. b4 Kf7 50. b5 Ng7+ 51. Kg5 Nd7 52. Nd8+ Ke8 53. Nc6 Be3+ 54. Kg6 Kf8 55. Nd8 Ne8 56. Kf5 Nc5 57. b6 Nd7 58. b7 Nb8 59. Ke6 Nc7+ 60. Kxd6 Nb5+ 61. Kxe5 Ke7 62. Nc6+ Nxc6+ 63. dxc6 Ba7 64. Kd5 Bb8 65. Kc5 Nc7 66. Kb6 Kd6 67. Ka5 Kxc6 68. Kb4 Kxb7 69. Kc4 Kc8 70. Kd4 Kd7 71. Ke5 Ke7 72. Kf5 Ne8 73. e5 Bc7 74. Ke4 Bd8 75. Kd4 Bc7 76. Kd5 Bb8 77. Ke4 Ke6 78. Kf4 Nc7 79. Kg5 Nd5 80. Kg4 Ne7 81. Kf3 Bxe5 82. Ke3 Kd5 83. Kd3 Nc6 84. Ke3 Nd4 85. Kf2 Ke4 86. Kg2 Nf3 87. Kh3 Kf4 88. Kg2 Ke3 89. Kh3 Kf4 90. Kg2 Kg4 91. Kf2 Bd4+ 92. Ke2 Ne5 93. Kd2 Kf4 94. Ke2 Ke4 95. Kd2 Nc6 96. Ke2 Bc3 97. Kf2 Nd4 98. Kg3 Bd2 99. Kg4 Bf4 100. Kh3 Kf3 101. Kh4 Ne6 102. Kh5 Ke4 103. Kg6 Ke5 104. Kf7 Nc5 105. Ke8 Bg5 106. Kf7 Kf5 107. Ke8 Ke6 108. Kf8 Bf6 109. Kg8 Kf5 110. Kf7 Ke5 111. Ke8 Ke6 112. Kf8 Nd7+ 113. Ke8 Ne5 114. Kf8 Bg5 115. Ke8 Nf7 116. Kf8 Bh6+ 117. Ke8 Bg5 118. Kf8 Bh4 119. Ke8 Nd6+ 120. Kf8 Bf6 121. Kg8 Nf5 122. Kh7 Ne7 123. Kh6 Kf5 124. Kh5 Ng6 125. Kh6 Nf4 126. Kh7 Be7 127. Kg8 Kg6 128. Kh8 Ne6 129. Kg8 Bd6 130. Kh8 Ng5 131. Kg8 Nf7 1/2-1/2


[Site "https://www.chess.com"]

[Event "Titled Tuesday Blitz May 03 Early 2022"]
[White "Khamdamova, Afruza"]
[Black "Baches Garcia, Guillermo"]
[WhiteFideId "14210444"]
[BlackFideId "2209764"]
[WhiteElo "1660"]
[BlackElo "2513"]
[Result "1-0"]
[Round "09"]
[TimeControl "180+1"]
[Date "2022.05.03"]
[WhiteClock "0:00:31"]
[BlackClock "0:00:02"]

1. e4 c5 2. Nf3 d6 3. d4 cxd4 4. Nxd4 Nf6 5. Nc3 Nc6 6. Be2 e5 7. Nb3 Be7 8. O-O O-O 9. f4 a5 10. a4 Nb4 11. Be3 Be6 12. f5 Bxb3 13. cxb3 d5 14. exd5 Nfxd5 15. Nxd5 Nxd5 16. Bf2 e4 17. Bc4 Nb4 18. Qe2 Bf6 19. Qxe4 Qc7 20. Rac1 Bxb2 21. Rcd1 Rae8 22. Qg4 Bf6 23. Bg3 Qc5+ 24. Kh1 Rd8 25. Bf2 Qc7 26. Rxd8 Rxd8 27. Qe4 h6 28. Re1 Kh7 29. Bg3 Qc5 30. Bxf7 Nd3 31. Bg6+ Kg8 32. Qe6+ Kh8 33. Qe8+ Qf8 34. Qxf8+ Rxf8 35. Rd1 Rd8 36. Rf1 Nc5 37. Bc7 Rc8 38. Bxa5 Nxb3 39. Bb4 Nd4 40. h3 Ne2 41. Bd6 Rd8 42. Bh2 Kg8 43. Re1 Nd4 44. Bc7 Rc8 45. Bb6 Kf8 46. Bc5+ Kg8 47. Re8+ Rxe8 48. Bxe8 Nxf5 49. Bd7 Nd4 50. Bc8 Nb3 51. Bb6 Nd4 52. Bxb7 Nb3 53. a5 Nxa5 54. Bxa5 Kh7 55. Be4+ g6 56. Kg1 Kg7 57. Kf1 Be5 58. Ke2 Kf6 59. Kf3 h5 60. Bd8+ Kg7 61. g4 hxg4+ 62. Kxg4 Bc3 63. Bc7 Bd2 64. Be5+ Kf7 65. Bd5+ Ke7 66. Bf4 Bxf4 67. Kxf4 Kf6 68. Bc4 Kg7 69. Kg5 Kh7 70. h4 Kg7 71. Bd5 Kh7 72. Bc4 Kg7 73. Bd3 Kh7 74. h5 Kg7 75. hxg6 1-0


[Site "https://www.chess.com"]

[Event "Titled Tuesday Blitz May 03 Early 2022"]
[White "Kim, Sergey"]
[Black "Rom, Jasper"]
[WhiteFideId "13700570"]
[BlackFideId "2023733"]
[WhiteElo "2544"]
[BlackElo "2233"]
[Result "1-0"]
[Round "09"]
[TimeControl "180+1"]
[Date "2022.05.03"]
[WhiteClock "0:00:14"]
[BlackClock "0:00:01"]

1. d4 d5 2. c4 e6 3. Nc3 c6 4. e3 Nf6 5. Nf3 Nbd7 6. Bd3 dxc4 7. Bxc4 b5 8. Bb3 a6 9. O-O Bb7 10. Qe2 c5 11. Rd1 Qb6 12. a4 b4 13. a5 Qc7 14. Na4 Rc8 15. Bd2 Qb8 16. Rac1 cxd4 17. exd4 Be7 18. Ne5 O-O 19. Bf4 Bd6 20. Bg3 Rxc1 21. Rxc1 Rc8 22. Re1 Bxe5 23. dxe5 Nd5 24. h4 Bc6 25. h5 Qb5 26. Qxb5 axb5 27. Nb6 N7xb6 28. axb6 Nxb6 29. Rc1 Bd5 30. Rxc8+ Nxc8 31. Bd1 Ne7 32. f4 Nc6 33. Bf2 Bc4 34. Bc5 b3 35. Kf2 f6 36. exf6 gxf6 37. Ke3 Kf7 38. g4 h6 39. Bf3 Ne7 40. Kd4 Nd5 41. f5 Nc7 42. Bd6 Ne8 43. Bb8 exf5 44. gxf5 Ng7 45. Bg4 Bf1 46. Bf4 Bc4 47. Bxh6 Ne8 48. Bf4 Kg7 49. Kc5 Kh7 50. Kc6 Ng7 51. Kd7 Bd3 52. Ke7 Nxf5+ 53. Kxf6 Nd4 54. Be5 Nc2 55. Kg5 Ne3 56. Bf3 Nc4 57. Bd4 Nd6 58. Bd5 Ne8 59. Bf7 Ng7 60. h6 Nf5 61. Bg6+ Kg8 62. Bxf5 Bxf5 63. Kxf5 Kh7 64. Kg5 1-0


[Site "https://www.chess.com"]